 Dungeon Crawl Stone Soup version 0.25-a0-972-g74ed164fb1 (console) character file.

Game seed: 6149789463479458900, levelgen mode: classic

15086 Duffy the Cleaver (level 12, -4/110 HPs)
             Began as a Naga Fighter on May 9, 2020.
             Was a Believer of Makhleb.
             Slain by an eight-headed hydra (5 damage)
             ... on level 3 of the Lair of Beasts.
             The game lasted 00:15:53 (15158 turns).

Duffy the Cleaver (Naga Fighter)                   Turns: 15158, Time: 00:15:53

Health: -4/110     AC: 14    Str: 20    XL:     12   Next: 23%
Magic:  16/16      EV: 10    Int: 12    God:    Makhleb [**....]
Gold:   321        SH: 13    Dex: 11    Spells: 11/11 levels left

rFire    . . .     SeeInvis +   a - +0 war axe (venom)
rCold    . . .     Gourm    .   c - +0 kite shield
rNeg     + . .     Faith    .   S - +0 scale mail
rPois    +         Spirit   .   p - +0 helmet "Lesuc" {rN+}
rElec    .         Reflect  +   q - +0 cloak
rCorr    .         Harm     .   s - +0 pair of gloves
MR       ++...                  (no barding)
Stlth    ..........             A - +2 amulet of reflection
HPRegen  0.28/turn              O - ring of protection from magic
MPRegen  0.15/turn              u - +2 ring of protection

@: very slow
A: large, see invisible, deformed body, poison resistance, slowness 2, slow
metabolism 1, spit poison 1, AC +4
a: Spit Poison, Minor Destruction, Renounce Religion


You were on level 3 of the Lair of Beasts.
You worshipped Makhleb.
Makhleb was pleased with you.
You were hungry.

You visited 3 branches of the dungeon, and saw 14 of its levels.

You collected 714 gold pieces.
You spent 393 gold pieces at shops.

Inventory:

Hand Weapons
 a - a +0 war axe of venom (weapon)
 b - a +1 war axe
 D - a +5 dagger of electrocution
Armour
 c - a +0 kite shield (worn)
 n - a +0 plate armour
 p - the +0 helmet "Lesuc" (worn) {rN+}
   (You took it off Robin on level 2 of the Dungeon)

   It protects you from negative energy.
 q - a +0 cloak (worn)
 s - a +0 pair of gloves (worn)
 y - a +0 hat of magic resistance
 Q - a +1 ring mail of cold resistance
 S - a +0 scale mail (worn)
Jewellery
 t - an uncursed ring of protection from fire
 u - a +2 ring of protection (right hand)
 A - a +2 amulet of reflection (around neck)
 O - a ring of protection from magic (left hand)
Wands
 h - a wand of flame (9)
 v - a wand of digging (5)
 x - a wand of iceblast (3)
 F - a wand of random effects (7)
 P - a wand of polymorph (17)
Scrolls
 j - 3 scrolls of teleportation
 r - 6 scrolls of enchant armour
 z - a scroll of immolation {unknown}
 B - 3 scrolls of remove curse
 J - 4 scrolls of blinking
 K - 3 scrolls of fog {unknown}
 T - a scroll of acquirement {unknown}
 V - a scroll of fear
Potions
 d - a potion of might
 e - a potion of mutation {unknown}
 g - 2 potions of haste {unknown}
 i - a potion of brilliance {unknown}
 k - a potion of resistance {unknown}
 l - 6 potions of curing
 m - 2 potions of magic {unknown}
 o - a potion of flight {unknown}
 w - 3 potions of heal wounds
 C - a potion of invisibility {unknown}
 G - 2 potions of lignification {unknown}
 L - 2 potions of stabbing {unknown}
 M - a potion of degeneration {unknown}
Comestibles
 f - 19 rations


   Skills:
 - Level 8.0 Fighting
 - Level 10.0 Axes
 + Level 6.0 Armour
 + Level 6.2 Dodging
 - Level 9.0 Shields
 - Level 6.0 Evocations


You had 11 spell levels left.
You didn't know any spells.
Your spell library was empty.

Dungeon Overview and Level Annotations

Branches:
Dungeon (10/15)            Temple (1/1) D:6            Lair (3/6) D:8
  Swamp (0/4) Lair:2       Spider (0/4) Lair:2
    Orc: D:9-12

Altars:
Ashenzari
Cheibriados
Dithmenos
Elyvilon
Fedhas
Gozag
Hepliaklqana
Kikubaaqudgha
Makhleb
Nemelex Xobeh
Okawaru
Qazlal
Ru
Sif Muna
Trog
Uskayaw
Vehumet
Wu Jian
Xom
Yredelemnul
Zin
The Shining One

Shops:
D:9 (}*:%

Annotations:
D:4 2 runed translucent doors, Majang's ghost, novice HOFi
D:5 Prince Ribbit
D:9 2 transporters


Innate Abilities, Weirdness & Mutations

You cannot wear boots.
Your serpentine skin is tough. (AC +4)
You have supernaturally acute eyesight. (SInv)
Armour fits poorly on your strangely shaped body.
Your system is resistant to poisons. (rPois)
You cover ground very slowly.
You have a slow metabolism.
You can spit poison.


Message History

The eight-headed hydra bites you but does no damage. x2
You block the eight-headed hydra's attack.
The eight-headed hydra completely misses you.
Press: ? - help, Shift-Dir - straight line, f/p - eight-headed hydra
Aim: an eight-headed hydra (severely wounded, covered in acid)
The puff of flame hits the eight-headed hydra.
The eight-headed hydra is almost dead.
You block the eight-headed hydra's attack.
The eight-headed hydra bites you but does no damage.
The eight-headed hydra bites you!
The eight-headed hydra bites you but does no damage.
You block the eight-headed hydra's attack.
The eight-headed hydra bites you but does no damage.
The eight-headed hydra bites you. x2
Press: ? - help, Shift-Dir - straight line, f/p - eight-headed hydra
Aim: an eight-headed hydra (almost dead, covered in acid)
The stone arrow hits the eight-headed hydra.
The eight-headed hydra is almost dead.
The eight-headed hydra bites you.
You die...

.... ### ...
...... .....
##.#. ##...##
#..D..#
#}.@.}#
#......$...
...#.}..#....
..$.
.##.#...[.
... .. .....
. .. ...
......) . ...
... ... ....
.......


You could see an eight-headed hydra (corroded).

Vanquished Creatures
  Gastronok (Lair:2)
  A hydra (Lair:2)
  An unseen horror (D:9)
  Maurice (D:8)
  Psyche (D:8)
  Joseph (D:7)
  A gargoyle (D:10)
  3 spiny frogs
  A komodo dragon (Lair:2)
  2 trolls
  5 blink frogs (Lair:1)
  2 bog bodies (Lair:2)
  A spriggan (D:8)
  12 yaks
  A wraith (D:7)
  Sigmund (D:2)
  A vampire (D:10)
  3 basilisks
  A steam dragon (D:9)
  2 water moccasins
  5 porcupines
  Duvessa (D:7)
  2 orc warriors
  4 ice beasts (D:9)
  2 black bears
  5 ogres
  2 centaurs (D:5)
  A wolf (D:9)
  4 crocodiles
  7 bullfrogs
  Dowan (D:7)
  2 elf skeletons (D:7)
  A scorpion (D:6)
  4 wights
  7 electric eels
  A centaur zombie (D:9)
  4 crimson imps
  5 human zombies (D:7)
  4 orc priests
  A centaur skeleton (D:10)
  4 hounds
  2 jellies
  3 bullfrog skeletons
  2 human skeletons (D:7)
  3 iguanas
  9 orc wizards
  A statue (D:4)
  10 worker ants
  A killer bee simulacrum (D:9)
  Robin (D:2)
  2 worker ant zombies (D:9)
  4 gnolls (D:5)
  7 adders
  4 white imps (D:9)
  An ooze (D:5)
  2 adder zombies
  3 adder skeletons
  3 worms
  3 dart slugs
  2 leopard geckos
  14 orcs
  7 bats
  5 giant cockroaches
  21 goblins
  12 hobgoblins
  10 jackals
  7 kobolds
  3 quokkas
  9 frilled lizards
  An orc skeleton (D:7)
  A quokka simulacrum (D:9)
  9 rats
271 creatures vanquished.

Vanquished Creatures (others)
  7 fungi
  A plant (Lair:2)
8 creatures vanquished.

Grand Total: 279 creatures vanquished

Notes
Turn   | Place    | Note
-------+----------+-------------------------------------------
     0 | D:1      | Duffy the Naga Fighter began the quest for the Orb.
     0 | D:1      | Reached XP level 1. HP: 21/21 MP: 1/1
    52 | D:1      | Reached XP level 2. HP: 22/28 MP: 2/2
   504 | D:1      | Reached XP level 3. HP: 34/34 MP: 3/3
   733 | D:1      | Reached skill level 3 in Axes
  1280 | D:2      | Reached XP level 4. HP: 24/42 MP: 4/4
  1427 | D:2      | Found an ornate altar of the Wu Jian Council.
  1796 | D:2      | Found a hazy altar of Hepliaklqana.
  1797 | D:2      | Found a shimmering altar of Xom.
  1799 | D:2      | Noticed a spectral ugly thing
  1799 | D:2      | Noticed a torpor snail
  1830 | D:2      | Identified the cursed +0 helmet "Lesuc" {rN+}
  1830 | D:2      | Noticed Robin
  1831 | D:2      | Noticed Sigmund
  2051 | D:2      | Killed Sigmund
  2051 | D:2      | Reached skill level 4 in Axes
  2051 | D:2      | Reached XP level 5. HP: 21/49 MP: 5/5
  2051 | D:2      | Reached XP level 6. HP: 25/56 MP: 6/6
  2758 | D:2      | Found an ornate altar of the Wu Jian Council.
  2929 | D:2      | Found a hazy altar of Hepliaklqana.
  2930 | D:2      | Found a shimmering altar of Xom.
  3050 | D:2      | Killed Robin
  3153 | D:3      | Reached skill level 5 in Axes
  3990 | D:4      | Found a hide-covered altar of Uskayaw.
  3990 | D:4      | Found a glowing golden altar of the Shining One.
  4000 | D:4      | Found a radiant altar of Vehumet.
  4409 | D:4      | Reached XP level 7. HP: 58/62 MP: 7/7
  4596 | D:4      | Found a runed translucent door.
  4597 | D:4      | Noticed Majang's ghost (novice HOFi)
  4688 | D:4      | Reached skill level 5 in Shields
  4760 | D:4      | Found a glowing silver altar of Zin.
  4902 | D:4      | Found a runed translucent door.
  5260 | D:5      | Entered Level 5 of the Dungeon
  5384 | D:5      | Reached skill level 6 in Axes
  5645 | D:5      | Reached XP level 8. HP: 46/69 MP: 8/8
  5920 | D:5      | Found an iron altar of Okawaru.
  6291 | D:5      | Reached skill level 7 in Axes
  6572 | D:5      | Found an opulent altar of Gozag.
  7108 | D:6      | Found a staircase to the Ecumenical Temple.
  7134 | Temple   | Entered the Ecumenical Temple
  7256 | Temple   | Became a worshipper of Makhleb the Destroyer
  7351 | D:6      | Reached skill level 8 in Axes
  7801 | D:6      | Reached XP level 9. HP: 70/75 MP: 9/9
  8031 | D:6      | Noticed Prince Ribbit
  8236 | D:7      | Found a sacrificial altar of Ru.
  8256 | D:7      | Noticed Joseph
  8280 | D:7      | Killed Joseph
  8290 | D:7      | Noticed Duvessa
  8307 | D:7      | Killed Duvessa
  8308 | D:7      | Noticed Dowan
  8313 | D:7      | Killed Dowan
  8650 | D:7      | Reached skill level 9 in Axes
  8696 | D:7      | Found a basalt altar of Yredelemnul.
  9430 | D:8      | Noticed Maurice
  9443 | D:8      | Killed Maurice
  9443 | D:8      | Reached * piety under Makhleb
  9675 | D:8      | Reached skill level 10 in Axes
  9675 | D:8      | Reached XP level 10. HP: 63/84 MP: 10/10
  9904 | D:8      | Noticed Psyche
  9923 | D:8      | Killed Psyche
 10142 | D:8      | Found a staircase to the Lair.
 10441 | D:8      | Reached skill level 5 in Fighting
 11267 | D:9      | Found a transporter.
 11268 | D:9      | Noticed a deep troll
 11278 | D:9      | Found an ancient bone altar of Kikubaaqudgha.
 11344 | D:9      | Found Qimasef's Food Shoppe.
 11459 | D:9      | Found Enogysk's Weapon Shop.
 11524 | D:9      | Found Uqaumeh's Gadget Shoppe.
 11530 | D:9      | Found Ineech's Assorted Antiques.
 11539 | D:9      | Bought a scroll labeled DYN EF YBURYMALY for 21 gold pieces
 11539 | D:9      | Bought 3 scrolls labeled NOARIE XATUSUU for 63 gold pieces
 11539 | D:9      | Bought a sedimented grey potion for 18 gold pieces
 11539 | D:9      | Bought a fizzy green potion for 18 gold pieces
 11539 | D:9      | Bought 2 scrolls of identify for 84 gold pieces
 11540 | D:9      | Bought a jade ring for 105 gold pieces
 11540 | D:9      | Bought a worn brass wand for 84 gold pieces
 11603 | D:9      | Reached skill level 1 in Dodging
 11660 | D:9      | Noticed an unseen horror
 11675 | D:9      | Killed an unseen horror
 11678 | D:9      | Reached XP level 11. HP: 103/103 MP: 11/11
 11768 | D:9      | Reached ** piety under Makhleb
 11793 | D:9      | Reached skill level 1 in Evocations
 12057 | D:9      | Found Memoem's Book Shop.
 12119 | D:9      | Found a transporter.
 12289 | D:9      | Found a stormy altar of Qazlal.
 12364 | D:10     | Entered Level 10 of the Dungeon
 12530 | D:10     | Noticed a death knight
 12530 | D:10     | Noticed a catoblepas
 12530 | D:10     | Noticed a deep elf mage
 12585 | Lair:1   | Entered Level 1 of the Lair of Beasts
 13264 | Lair:1   | Reached skill level 5 in Dodging
 14079 | Lair:2   | Found a hole to the Spider Nest.
 14091 | Lair:2   | Found a staircase to the Swamp.
 14098 | Lair:2   | Reached skill level 5 in Armour
 14439 | Lair:2   | Reached skill level 5 in Evocations
 14632 | Lair:2   | Noticed Gastronok
 14655 | Lair:2   | Killed Gastronok
 14655 | Lair:2   | Reached XP level 12. HP: 110/110 MP: 14/16
 14984 | Lair:2   | Noticed a seven-headed hydra
 14994 | Lair:2   | Killed a seven-headed hydra
 15145 | Lair:3   | Noticed an eight-headed hydra
 15157 | Lair:3   | HP: 2/110 [eight-headed hydra (4)]
 15158 | Lair:3   | Slain by an eight-headed hydra

Illustrated notes

Levels and vault maps discovered:
D:1:      mrwooster_arrival_arrow, layout_basic, minmay_misc_feat_plants
D:2:      layout_basic, regret_index_temple_of_mockery, lemuel_doored_altar,
          uniq_sigmund, uniq_robin
D:3:      layout_basic, first_ration
D:4:      layout_loops_ring, marbit_many_paths, vehumet_statue,
          chequers_temple_overflow_statue_of_worship, ebering_ghost_sewer_f
D:5:      layout_basic, nicolae_gozag_seed_capital, kennysheep_mini
D:6:      layout_gridville, minmay_temple_entry_large_hall,
          minmay_ogre_servants, uniq_prince_ribbit1
D:7:      layout_rooms, old_standard_altar, lemuel_mausoleum_altar_yredelemnul,
          uniq_joseph, uniq_duvessa
D:8:      layout_basic, grunt_lair_entry_orc_guard_hut, the_bakery,
          uniq_maurice, uniq_psyche
D:9:      layout_loops_ring, gammafunk_temple_overflow_arena,
          kennysheep_mini_moat, serial_shops,
          nicolae_shop_competitors_out_of_business, shop,
          nicolae_shop_temple_entry_statues_fountains, nicolae_shop_crystal,
          nicolae_shop_trees, serial_ice, serial_ice_f, serial_ice_b,
          serial_ice_g, serial_ice_c, serial_ice_i, serial_ice_a
D:10:     minmay_shrinking_squares, layout_rooms
Temple:   dpeg_three_leaves_temple
Lair:1:   layout_cave_shapes, serial_bayou_shore_b, serial_bayou_shore_a,
          serial_bayou_shore_b
Lair:2:   layout_loops_ring, skrybe_swamp_entry_bodies,
          spider_nest_entry_web_field, uniq_gastronok
Lair:3:   layout_cave_shapes, forest_entry_grove, grunt_megastairs_2

Skill      XL: |  1  2  3  4  5  6  7  8  9 10 11 12 |
---------------+-------------------------------------+-----
Shields        | 3 4 5 7 8 9 |  9.0
Axes           | 3 4 5 6 8 10 | 10.0
Fighting       | 8 |  8.0
Dodging        | 3 5 6 |  6.2
Armour         | 5 6 |  6.0
Evocations     | 5 6 |  6.0

Action                   |  1- 3 |  4- 6 |  7- 9 | 10-12 || total
-------------------------+-------+-------+-------+-------++-------
Melee: War axe           |   106 |   196 |   529 |   493 ||  1324
Throw: Throwing net      |       |     1 |     2 |     1 ||     4
Invok: Minor Destruction |       |       |       |    14 ||    14
 Abil: Spit Poison       |       |    10 |    13 |     2 ||    25
Evoke: Wand              |       |       |     2 |    12 ||    14
  Use: Scroll            |       |       |     8 |     7 ||    15
       Potion            |       |       |     1 |       ||     1
 Stab: Held in net/web   |       |     1 |     1 |       ||     2
  Eat: Chunk             |       |    10 |    12 |    10 ||    32
       Ration            |       |       |     2 |       ||     2
Armor: Scale mail        |    52 |   124 |   186 |    79 ||   441
       Troll leather arm |       |       |       |    60 ||    60
Dodge: Dodged            |    29 |    47 |   111 |   138 ||   325
Block: Kite shield       |    62 |   110 |   276 |   286 ||   734
       Reflection        |       |       |     1 |     5 ||     6

Table legend:
 A = Non-vault XP
 B = Vault XP
 C = Vault XP percentage of total XP
 D = Non-vault monster count
 E = Vault monster count
 F = Vault count percentage of total count
                 A         B        C        D         E       F
            +---------+---------+-------+---------+---------+-------
      Total |   14231 |    7321 |  34.0 |     212 |      59 |  21.8
            +---------+---------+-------+---------+---------+-------
        D:1 |      54 |       0 |   0.0 |      29 |       0 |   0.0
        D:2 |     182 |     238 |  56.7 |      17 |       9 |  34.6
        D:3 |      58 |       4 |   6.5 |      24 |       2 |   7.7
        D:4 |     295 |      72 |  19.6 |      16 |       2 |  11.1
        D:5 |     889 |       0 |   0.0 |      24 |       0 |   0.0
        D:6 |     569 |     133 |  18.9 |      14 |       9 |  39.1
        D:7 |     165 |    1390 |  89.4 |       3 |      15 |  83.3
        D:8 |     537 |    1809 |  77.1 |      10 |       8 |  44.4
        D:9 |    3510 |     759 |  17.8 |      36 |      11 |  23.4
       D:10 |     716 |       0 |   0.0 |       5 |       0 |   0.0
     Lair:1 |    4740 |       0 |   0.0 |      25 |       0 |   0.0
     Lair:2 |    2516 |    2916 |  53.7 |       9 |       3 |  25.0
            +---------+---------+-------+---------+---------+-------
